 Dungeon Crawl Stone Soup version 0.31.0-11-ge490571c62 (webtiles) character file.

Game seed: 15075190096944754017

125 tsouns the Changeling (level 5, -4/39 HPs)
             Began as a Merfolk Shapeshifter on Jan 26, 2024.
             Splashed by a jelly's acid (9 damage)
             ... on level 4 of the Dungeon.
             The game lasted 00:03:05 (2285 turns).

tsouns the Changeling (Merfolk Shapeshifter)        Turns: 2285, Time: 00:03:06

Health: -4/39      AC: -2    Str: 16    XL:     5   Next: 9%
Magic:  4/4        EV: 13    Int: 10    God:
Gold:   114        SH:  0    Dex: 13    Spells: 4/4 levels left

rFire   . .          .
                       - Unarmed
rCold   . . .        (no shield)
rNeg    . . .        a - +0 animal skin
rPois   .            (helmet currently unavailable)
rElec   .            (cloak currently unavailable)
rCorr   .            (gloves currently unavailable)
SInv    .            (boots currently unavailable)
Will    .....        (no amulet)
Stlth   +            (no ring)
HPRegen 0.26/turn    (no ring)
MPRegen 0.09/turn

%: no passive effects
@: beast-form, corroded, on berserk cooldown, slowed, very slow
A: beast (slay +2), (nimble swimmer 2), mertail, claws 1, iridescent scales 2,
low MP 1
a: Begin Untransformation


You were on level 4 of the Dungeon.
You were a hulking beast.
You visited 1 branch of the dungeon, and saw 4 of its levels.

You collected 114 gold pieces.

Inventory:

Armour
 a - a +0 animal skin (worn)
Magical Staves
 q - the staff of Gonud {rElec Will+ Str+3 Stlth+ Air}
   (You found it on level 2 of the Dungeon)

   [staff of air]

   Base accuracy: +5 Base damage: 5 Base attack delay: 1.2 This weapon's minimum
   attack delay (0.6) is reached at skill level 12.
   Str+3:     It affects your strength (+3).
   rElec:     It insulates you from electricity.
   Will+:     It increases your willpower.
   Stlth+:    It makes you more stealthy.
   Air:       It increases the power of your Air spells.
   It falls into the 'Staves' category.
   It is a one-handed weapon.
Talismans
 c - a beast talisman
 d - a flux talisman
Scrolls
 f - 5 scrolls of identify {unknown}
 g - a scroll of teleportation {unknown}
 h - 2 scrolls of noise {unknown}
 j - a scroll of enchant armour {unknown}
 k - a scroll of vulnerability {unknown}
 l - a scroll of enchant weapon {unknown}
 m - 2 scrolls of butterflies {unknown}
 p - a scroll of revelation {unknown}
 r - a scroll of poison {unknown}
 u - a scroll of fear {unknown}
Potions
 b - a potion of lignification
 e - a potion of mutation
 o - a potion of heal wounds {unknown}
 s - a potion of ambrosia {unknown}
 t - 2 potions of enlightenment {unknown}
 v - a potion of might {unknown}


   Skills:
 + Level 2.6 Fighting
 + Level 4.1 Dodging
 + Level 4.2 Unarmed Combat
 + Level 4.9 Shapeshifting


You had 4 spell levels left.
You didn't know any spells.
Your spell library contained the following spells:

 Spells                   Type           Power      Damage    Failure   Level
 Sandblast                Erth           0%         2d4       36%         1
 Shock                    Conj/Air       0%         1d3       36%         1
 Passwall                 Erth           0%         N/A       75%         3
 Stone Arrow              Conj/Erth      0%         3d7       75%         3
 Swiftness                Air            0%         N/A       75%         3
 Airstrike                Air            0%         2d(0-16)  98%         4
 Brom's Barrelling Bould  Conj/Erth      0%         2d3       98%         4


Dungeon Overview and Level Annotations

Branches:
Dungeon (4/15)
 Temple: D:4-7

Altars:
Elyvilon
Sif Muna


Innate Abilities, Weirdness & Mutations

You are a hulking beast.
Your limbs bulge with bestial killing power. (Slay +2)
((You are very nimble when in or above water. (Stealth+, EV+, Speed+++)))
Your lower body shifts to a powerful aquatic tail in water.
You have sharp fingernails.
You are mostly covered in iridescent scales. (AC +4)
Your magical capacity is low. (-10% MP)


Message History

It was a potion of berserk rage.
A red film seems to cover your vision as you go berserk!
You feel yourself moving faster!
You feel mighty!
The jelly quivers.
The gnoll barely misses you. The gnoll misses you.
You mangle the gnoll!!
You kill the gnoll!
The gnoll closely misses you.
You have reached level 5!
You feel clever. The gnoll hits you with a +0 halberd!
* * * LOW HITPOINT WARNING * * *
Items here: )) ††.
You claw the gnoll!
You kill the gnoll!
You see here a +0 halberd.
You feel a strong urge to attack something.
Items here: )) ††.
You are no longer berserk.
You are exhausted.
You feel yourself slow down.
Items here: )) ††.
You feel better. The jelly barely misses you.
You claw the jelly!
Your claws burn!
The jelly is heavily wounded.
The jelly misses you. The jelly closely misses you.
You scratch the jelly. The acid corrodes you!
Your claws burn!
The jelly is severely wounded.
The jelly misses you.
You scratch the jelly.
Your claws burn!
* * * LOW HITPOINT WARNING * * *
The jelly is almost dead.
The jelly hits you but does no damage.
You scratch the jelly but do no damage.
Your claws burn!
* * * LOW HITPOINT WARNING * * *
The jelly is almost dead.
The jelly hits you.
* * * LOW HITPOINT WARNING * * *
The acid corrodes you!
You are splashed with acid!
You die...

#.............
#............
#$.#.#.#....#
#$..........#
#.#.#.#....#
#.........
#.#.#.#.#
#.....J.#
######h###
#)..###
####...####
##.........#
#....g.....[#
#............
#<...........
##...........
#...........


You could see a jelly.

Vanquished Creatures
  3 gnolls (D:4)
  4 adders
  2 dart slugs
  2 orcs (D:3)
  9 endoplasms
  A giant cockroach (D:2)
  5 goblins
  7 hobgoblins
  A quokka (D:2)
  5 ball pythons
  3 bats
  3 kobolds
  6 rats
51 creatures vanquished.

Notes
Turn   | Place    | Note
-------+----------+-------------------------------------------
     0 | D:1      | tsouns the Merfolk Shapeshifter began the quest for the
                  | Orb.
     0 | D:1      | Reached XP level 1. HP: 15/15 MP: 1/1
    73 | D:1      | Reached XP level 2. HP: 21/21 MP: 2/2
   719 | D:2      | Reached XP level 3. HP: 21/27 MP: 3/3
   871 | D:2      | Identified the staff of Gonud {rElec Will+ Str+3 Stlth+
                  | Air}
  1020 | D:2      | Found a white marble altar of Elyvilon.
  1343 | D:2      | Reached XP level 4. HP: 33/33 MP: 4/4
  1493 | D:3      | Found a shimmering blue altar of Sif Muna.
  2271 | D:4      | Gained mutation: You are partially covered in iridescent
                  | scales. (AC +2) [potion of mutation]
  2271 | D:4      | Gained mutation: You are mostly covered in iridescent
                  | scales. (AC +4) [potion of mutation]
  2271 | D:4      | Gained mutation: Your magical capacity is low. (-10% MP)
                  | [potion of mutation]
  2271 | D:4      | Gained mutation: You have sharp fingernails. [potion of
                  | mutation]
  2275 | D:4      | Reached XP level 5. HP: 26/39 MP: 4/4
  2285 | D:4      | Splashed by a jelly's acid

Illustrated notes

Levels and vault maps discovered:
D:1:      roderic_crossed_star, layout_loops_ring, st_stairs_12
D:2:      minmay_inner_zag, layout_rooms, basic_altar, minivault_25, st_stairs_8
D:3:      layout_loops_ring, kennysheep_orc_sif_temple, serial_co_window_serial,
          co_window_paths_b, co_window_corner_a, co_window_corner_a,
          co_window_corner_a, co_window_corner_a, co_window_of_opportunity_c,
          co_window_unsneaky_path_b, co_window_broadway_a, glass_columns_a
D:4:      layout_cave_pods, hellmonk_okawaru_the_only_friend_you_need,
          amcnicky_altar_gilded, nicolae_ru_the_path_less_chosen,
          mainiacjoe_overflow_alcove_4, minmay_temple_entry_mist, serial_glass,
          glass_columns_b, glass_columns_a, dk_noncrumbling_4, uniq_edmund

Skill      XL: |  1  2  3  4 |
---------------+-------------+-----
Dodging        | 3 4 |  4.1
Fighting       | 2 |  2.6
Unarmed Combat | 4 |  4.2
Shapeshifting  | |  4.9

Action                     |  1- 3 |  4- 6 || total
---------------------------+-------+-------++-------
  Melee: Unarmed           |    87 |    44 ||   131
         Punch             |     2 |     3 ||     5
    Use: Potion            |       |     4 ||     4
   Stab: Sleeping          |     2 |     1 ||     3
 Armour: Animal skin       |    31 |    24 ||    55
  Dodge: Dodged            |    42 |    28 ||    70
